 Dungeon Crawl Stone Soup version 0.31-a0-844-gdc52ec4e09 (webtiles) character file.

Game seed: 3834534622072748744

54 kae the Changeling (level 3, 0/28 HPs)
             Began as a Draconian Shapeshifter on Sept 28, 2023.
             Slain by an orc wizard
             ... wielding a +1 dagger of pain
              (4 damage)
             ... on level 2 of the Dungeon.
             The game lasted 00:00:51 (1831 turns).

kae the Changeling (Draconian Shapeshifter)         Turns: 1831, Time: 00:00:52

Health: 0/28       AC:  5    Str: 16    XL:     3   Next: 66%
Magic:  3/3        EV: 12    Int: 10    God:
Gold:   154        SH:  0    Dex: 12    Spells: 2/2 levels left

rFire   . .          .
                       - Unarmed
rCold   . . .        (no shield)
rNeg    . . .        (body armour unavailable)
rPois   .            (helmet currently unavailable)
rElec   .            (cloak currently unavailable)
rCorr   .            (gloves currently unavailable)
SInv    .            (boots currently unavailable)
Will    .....        (no amulet)
Stlth   +            L - ring of flight
HPRegen 0.24/turn    (no ring)
MPRegen 0.08/turn

%: no passive effects
@: beast-form, flying
A: beast (slay +2), AC +5, unfitting armour, cold-blooded
a: Begin Untransformation


You were on level 2 of the Dungeon.
You were a hulking beast.
You visited 1 branch of the dungeon, and saw 3 of its levels.

You collected 154 gold pieces.


Innate Abilities, Weirdness & Mutations

You are a hulking beast.
Your limbs bulge with bestial killing power. (Slay +2)
Your plain brown scales are hard. (AC +5)
You cannot fit into any form of body armour.
You are cold-blooded and may be slowed by cold attacks.


   Skills:
 - Level 1.1 Fighting
 - Level 1.7 Dodging
 + Level 3.6 Unarmed Combat
 * Level 4.0 Shapeshifting


You had 2 spell levels left.
You didn't know any spells.
Your spell library contained the following spells:

 Spells                   Type           Power      Damage    Failure   Level
 Sandblast                Erth           0%         2d4       36%         1
 Passwall                 Tmut/Erth      0%         N/A       50%         2
 Stone Arrow              Conj/Erth      0%         3d7       75%         3
 Brom's Barrelling Bould  Conj/Erth      0%         2d3       98%         4

Inventory:

Missiles
 f - 18 stones
Magical Staves
 g - a staff of conjuration {!a}
   (You found it on level 1 of the Dungeon)
Jewellery
 F - a ring of fire
   (You found it on level 2 of the Dungeon)
 L - a ring of flight (left hand)
   (You found it on level 3 of the Dungeon)
Talismans
 b - a beast talisman (active)
 c - a flux talisman
Scrolls
 d - a scroll of revelation {unknown}
 e - 2 scrolls of identify {unknown}
 h - a scroll of torment {unknown}
 j - a scroll of teleportation {unknown}
 m - a scroll of noise {unknown}
Potions
 a - a potion of lignification {!q}
 i - a potion of attraction {unknown}
 k - a potion of mutation {unknown}
 l - a potion of degeneration {unknown}

Dungeon Overview and Level Annotations

Branches:
Dungeon (3/15) Zot: 16171

Altars:

#.##.######...##..# #.#.####
#.##.# ##..##.## #.#.#### #.##.#
#..##.# #.#..... ###.##.# #..##.#
#.#..... ....##.# #..#..#
#.#..... ....##.# #....##
#.#..... ....##.# #.#>##
###'#..... ....##.#######.#{#
###......... .......#<......#h#
#.........).
...........#####.#####.......†...
...........#.........#...........
#.#........#.........###.........
#.#........#........†#...........
#.#........#...............#'####
#.#.########.........#...###†#
#.#.# #.........##### #.####
#.#.# #.........# #.#...


There were no monsters in sight!


Message History

You punch the dart slug!
The dart slug bites you but does no damage.
You punch the dart slug!
You kill the dart slug!
Your Shapeshifting skill increases to level 4!
No target in view!
No target in view!
No target in view!
There is a stone staircase leading up here.
You fly up into the air.
L - a ring of flight (left hand)
The orc wizard shouts!
The orc wizard casts a spell at you. The magic dart hits you. 😕 HP[-5]
You take 5 damage, and now have 23/28 hp.
An orc comes into view. It is wielding a +0 short sword.
The orc shouts! 😕 HP[+1]
You closely miss the orc wizard.
Your tail-slap misses the orc wizard.
You hit the orc wizard. The orc wizard barely misses you.
You closely miss the orc wizard.
Your tail-slap misses the orc wizard.
The orc wizard misses you.
Unknown command.
You barely miss the orc wizard.
Your tail-slap misses the orc wizard.
The orc wizard hits you but does no damage.
The orc wizard mumbles some strange words.
The orc wizard flickers and vanishes!
Deactivating autopickup; reactivate with Ctrl-A.
The orc shouts!
You hit the orc wizard.
The orc wizard hits you but does no damage. 😕 HP[+1]
You hit the orc wizard.
The orc wizard hits you with a +0 dagger of freezing.
The orc wizard freezes you. 😕 HP[-2]
You take 2 damage, and now have 23/28 hp.
Unknown command.
You hit the orc wizard but do no damage.
You barely miss the orc. You tail-slap the orc!
You kill the orc!
The orc wizard points at you and mumbles some strange words.
The puff of flame hits you. 😮 HP[-5]
You take 5 damage, and now have 18/28 hp. 😮 HP[+1]
Something hits you but does no damage. Something hits you.
* * * LOW HITPOINT WARNING * * *
There is a stone staircase leading up here. 😨 HP[-5]
You take 5 damage, and now have 14/28 hp.
The orc wizard mumbles some strange words.
The orc wizard flickers and vanishes!
Something hits you but does no damage.
You writhe in agony.
* * * LOW HITPOINT WARNING * * *
You fly upwards.
Reactivating autopickup.
There is a stone staircase leading down here.
You start resting.
Something hits you.
* * * LOW HITPOINT WARNING * * *
Deactivating autopickup; reactivate with Ctrl-A. 😨 HP[-4]
You take 4 damage, and now have 10/28 hp. 😨 HP[+1]
You closely miss something. Something hits you.
* * * LOW HITPOINT WARNING * * *
😨 HP[-1]
You take 1 damage, and now have 10/28 hp.
You barely miss something. Something hits you but does no damage.
You writhe in agony.
* * * LOW HITPOINT WARNING * * *
😨 HP[-1]
You take 1 damage, and now have 9/28 hp.
You miss something. Something hits you but does no damage.
You writhe in agony.
* * * LOW HITPOINT WARNING * * *
😱 HP[-2]
You take 2 damage, and now have 7/28 hp.
You closely miss something. You miss something.
You hear some strange, mumbled words.
A puff of flame appears from out of thin air!
The puff of flame hits you.
* * * LOW HITPOINT WARNING * * *
You barely miss something. Something hits you but does no damage.
You writhe in agony.
* * * LOW HITPOINT WARNING * * *
😱 HP[-1]
You take 1 damage, and now have 6/28 hp.
You hit something.
Your tail-slap misses something.
Something hits you.
* * * LOW HITPOINT WARNING * * *
😱 HP[-1]
You take 1 damage, and now have 5/28 hp.
You closely miss something. Something hits you.
* * * LOW HITPOINT WARNING * * *
😱 HP[-2]
You take 2 damage, and now have 3/28 hp.
You closely miss something. Something hits you.
You die...

Skill      XL: |  1  2  3 |
---------------+----------+-----
Shapeshifting  | 4 |  4.0
Fighting       | |  1.1
Dodging        | |  1.7
Unarmed Combat | |  3.6

Action                     || total
---------------------------++-------
  Melee: Unarmed           ||    88
         Tailslap          ||     7
         Punch             ||     2
 Armour: Skin              ||    55
  Dodge: Dodged            ||    42

Levels and vault maps discovered:
D:1:      minmay_arrival_plants_in_alcoves, layout_loops_cross
D:2:      layout_basic
D:3:      layout_rooms, mainiacjoe_overflow_concentric_impassable,
          nicolae_gozag_zags_fifth_avenue, hellmonk_ecumenical_altar_crossroads,
          kennysheep_small_spiral, chequers_jeans

Notes
Turn   | Place    | Note
-------+----------+-------------------------------------------
     0 | D:1      | kae the Draconian Shapeshifter began the quest for the Orb.
     0 | D:1      | Reached XP level 1. HP: 16/16 MP: 1/1
     0 | D:1      | magus.rc [v1.11.3]
   324 | D:1      | You fall into a shaft and drop 1 floor!
   337 | D:2      | Reached XP level 2. HP: 23/23 MP: 2/2
   837 | D:2      | Reached XP level 3. HP: 25/28 MP: 3/3
   859 | D:2      | You pick up a book of Geomancy and begin reading...
   859 | D:2      | You add the spells Sandblast, Passwall, Stone Arrow and
                  | Brom's Barrelling Boulder to your library.
  1789 | D:3      | Reached skill level 4 in Shapeshifting
  1825 | D:2      | HP: 7/28 [something (2)]
  1830 | D:2      | HP: 3/28 [something (2)]
  1831 | D:2      | Slain by an orc wizard

Vanquished Creatures
  2 adders (D:2)
  A dart slug (D:3)
  An orc (D:3)
  2 ball pythons (D:2)
  5 bats
  4 endoplasms
  3 giant cockroaches
  A hobgoblin (D:1)
  4 kobolds
  2 quokkas
  4 goblins (D:2)
  3 rats
32 creatures vanquished.

Table legend:
 A = Non-vault XP
 B = Vault XP
 C = Vault XP percentage of total XP
 D = Non-vault monster count
 E = Vault monster count
 F = Vault count percentage of total count
                 A         B        C        D         E       F
            +---------+---------+-------+---------+---------+-------
      Total |      78 |       0 |   0.0 |      32 |       0 |   0.0
            +---------+---------+-------+---------+---------+-------
        D:1 |      15 |       0 |   0.0 |       9 |       0 |   0.0
        D:2 |      54 |       0 |   0.0 |      20 |       0 |   0.0
        D:3 |       9 |       0 |   0.0 |       3 |       0 |   0.0
            +---------+---------+-------+---------+---------+-------

Skill      XL: |  1  2  3 |
---------------+----------+-----
Shapeshifting  | 4 |  4.0
Fighting       | |  1.1
Dodging        | |  1.7
Unarmed Combat | |  3.6

Action                     || total
---------------------------++-------
  Melee: Unarmed           ||    88
         Tailslap          ||     7
         Punch             ||     2
 Armour: Skin              ||    55
  Dodge: Dodged            ||    42

Illustrated notes

Table legend:
 A = Kills in this place as a percentage of kills in the entire game.
 B = Kills by you in this place as a percentage of kills by you in the entire game.
 C = Kills by friends in this place as a percentage of kills by friends in the entire game.
 D = Other kills in this place as a percentage of other kills in the entire game.
 E = Experience gained in this place as a percentage of experience gained in the entire game.
 F = Experience gained in this place divided by the number of levels of this place that you have seen.
                   A       B       C       D       E      F
               +-------+-------+-------+-------+-------+----------------------
         Total | 100.0 | 100.0 |   N/A |   N/A | 100.0 |  26.0
       Dungeon | 100.0 | 100.0 |   N/A |   N/A | 100.0 |  26.0
               +-------+-------+-------+-------+-------+----------------------

Table legend: (Time is in decaauts)
 A = Elapsed time spent in this place.
 B = Non-inter-level travel time spent in this place.
 C = Inter-level travel time spent in this place.
 D = Time resting spent in this place.
 E = Time spent auto-exploring this place.
 F = Levels seen in this place.
 G = Mean time per level.
                   A        B        C        D        E       F      G
               +--------+--------+--------+--------+--------+-----+--------+
         Total |   1827 |   1712 |    115 |      0 |   1480 |   3 |  609.0 |
       Dungeon |   1827 |   1712 |    115 |      0 |   1480 |   3 |  609.0 |
               +--------+--------+--------+--------+--------+-----+--------+

Top non-repeatable levels by time:
     D:2: 1193 daAuts
     D:1: 592 daAuts
     D:3: 42 daAuts
